[Event "Titled Tuesday Blitz November 29 Early 2022"]
[White "Urazayev, Arystanbek"]
[Black "Hansen, Eric"]
[WhiteFideId "13709810"]
[BlackFideId "2606771"]
[WhiteElo "2441"]
[BlackElo "2568"]
[Result "1-0"]
[Round "11"]
[TimeControl "180+1"]
[Date "2022.11.29"]
[WhiteClock "0:00:59"]
[BlackClock "0:00:03"]

1. c4 e5 2. Nc3 Nc6 3. e3 Bb4 4. Nge2 Nf6 5. a3 Bxc3 6. Nxc3 O-O 7. b4 d5 8. cxd5 Nxd5 9. Bb2 Re8 10. Bc4 Be6 11. Qb3 Nf6 12. Bxe6 Rxe6 13. O-O Qd7 14. Rfd1 Rd8 15. d4 exd4 16. b5 Na5 17. Qa4 b6 18. Rxd4 Qe8 19. Rad1 Rxd4 20. Rxd4 h6 21. Qd1 Nb7 22. Nd5 Nxd5 23. Rxd5 f6 24. h4 Rd6 25. a4 Qe4 26. Rd4 Rxd4 27. Bxd4 Qd5 28. Qg4 Qd8 29. Qe6+ Kh8 30. g4 Nd6 31. g5 hxg5 32. hxg5 Qe8 33. Qh3+ Kg8 34. gxf6 Qg6+ 35. Qg2 Qb1+ 36. Kh2 Qh7+ 37. Qh3 Qxh3+ 38. Kxh3 gxf6 39. Bxf6 Ne4 40. Be5 Nxf2+ 41. Kg2 Nd1 42. Kf3 Kf7 43. Ke2 Ke6 44. Bd4 1-0


[Site "https://www.chess.com"]

[Event "Titled Tuesday Blitz November 29 Early 2022"]
[White "Vakhlamov, Igor L."]
[Black "Ginzburg, Yakov"]
[WhiteFideId "24126748"]
[BlackFideId "4157176"]
[WhiteElo "2401"]
[BlackElo "2305"]
[Result "1-0"]
[Round "11"]
[TimeControl "180+1"]
[Date "2022.11.29"]
[WhiteClock "0:01:29"]
[BlackClock "0:00:16"]

1. e4 c5 2. Nf3 e6 3. Nc3 Nc6 4. Bb5 Nd4 5. Bd3 Nxf3+ 6. Qxf3 d6 7. O-O Nf6 8. b3 Be7 9. Bb2 O-O 10. Rae1 e5 11. Bc4 Be6 12. Qe2 a6 13. a4 g6 14. Kh1 Nh5 15. Nd5 Bxd5 16. Bxd5 Nf4 17. Qc4 b5 18. axb5 axb5 19. Qxb5 Nxd5 20. exd5 Ra2 21. Rb1 f5 22. Qc4 Bg5 23. b4 cxb4 24. Qxa2 Bxd2 25. Qc4 f4 26. Qd3 f3 27. Qxd2 fxg2+ 28. Kxg2 Qh4 29. f4 Rf5 30. Kh1 Qh3 31. Qg2 Qe3 32. fxe5 1-0


[Site "https://www.chess.com"]

[Event "Titled Tuesday Blitz November 29 Early 2022"]
[White "Van Osch, Mees"]
[Black "Fernandez Garcia, Gumersindo"]
[WhiteFideId "1035967"]
[BlackFideId "24516740"]
[WhiteElo "2324"]
[BlackElo "2140"]
[Result "1-0"]
[Round "11"]
[TimeControl "180+1"]
[Date "2022.11.30"]
[WhiteClock "0:00:52"]
[BlackClock "0:00:16"]

1. e4 e6 2. d4 d5 3. Nc3 Nf6 4. e5 Nfd7 5. Nce2 c5 6. c3 Nc6 7. f4 Qb6 8. Nf3 Be7 9. b3 a5 10. g4 a4 11. bxa4 cxd4 12. Nexd4 Nxd4 13. cxd4 Qa5+ 14. Bd2 Qxa4 15. Qxa4 Rxa4 16. Bb5 Ra3 17. Ke2 O-O 18. Rhc1 Nb6 19. Rc7 Bd8 20. Rc2 Be7 21. Rac1 Ra8 22. a4 h6 23. Rc7 Bd8 24. R7c2 Be7 25. a5 Nc4 26. Bxc4 dxc4 27. Rxc4 Bd7 28. Rc7 Bb5+ 29. Ke3 Ba3 30. Ra1 Bc6 31. Rxa3 Rfd8 32. Ne1 Rd5 33. Nd3 Rad8 34. Bc3 Rb5 35. a6 g5 36. a7 Ra8 37. fxg5 hxg5 38. Nc5 Rb1 39. Nd7 Bxd7 40. Rxd7 Kg7 41. d5 exd5 42. e6+ Kg6 43. Rxf7 Rh1 44. Rf6+ Kh7 45. e7 Rxh2 46. Rf8 Rh3+ 47. Kd4 1-0


[Site "https://www.chess.com"]

[Event "Titled Tuesday Blitz November 29 Early 2022"]
[White "Vasques, Antonio Pedro Freixial"]
[Black "Kuznetsova, Olga"]
[WhiteFideId "1908332"]
[BlackFideId "4191323"]
[WhiteElo "2243"]
[BlackElo "2134"]
[Result "1-0"]
[Round "11"]
[TimeControl "180+1"]
[Date "2022.11.30"]
[WhiteClock "0:00:26"]
[BlackClock "0:00:14"]

1. e4 e5 2. Nf3 Nf6 3. Nxe5 d6 4. Nf3 Nxe4 5. c4 Be7 6. Nc3 Nxc3 7. dxc3 O-O 8. Bd3 Re8 9. Be3 Nc6 10. Qc2 g6 11. O-O-O Bf6 12. h4 Bg4 13. h5 Kg7 14. hxg6 fxg6 15. Bh6+ Kf7 16. c5 Bxf3 17. Bc4+ d5 18. gxf3 Ne7 19. Kb1 c6 20. Bg5 Bxg5 21. Rxh7+ Kf6 22. Rg1 dxc4 23. f4 Qd3 24. fxg5+ Kf5 25. Rf7+ Ke6 26. Rf6+ Kd5 27. Rd6+ Kxc5 28. Rxd3 cxd3 29. Qxd3 Rad8 30. Qe3+ Kb5 31. a4+ Ka6 32. Re1 b6 33. Qe6 Ka5 34. b4+ Kxa4 35. Kb2 Kb5 36. Kb3 a5 37. Qc4# 1-0


[Site "https://www.chess.com"]

[Event "Titled Tuesday Blitz November 29 Early 2022"]
[White "Von Buelow, Georg"]
[Black "Fiedorek, Michal"]
[WhiteFideId "4620658"]
[BlackFideId "1199528"]
[WhiteElo "2232"]
[BlackElo "2201"]
[Result "0-1"]
[Round "11"]
[TimeControl "180+1"]
[Date "2022.11.30"]
[WhiteClock "0:00:27"]
[BlackClock "0:00:57"]

1. e4 c5 2. Nf3 a6 3. c3 b5 4. d4 cxd4 5. cxd4 Bb7 6. Bd3 e6 7. O-O Nf6 8. e5 Nd5 9. Nc3 Be7 10. Ne4 h6 11. a3 Nc6 12. Re1 Qb6 13. Bc2 Rc8 14. b4 a5 15. bxa5 Nxa5 16. Bd3 Nc4 17. h3 O-O 18. Bb1 b4 19. Qd3 Ba6 20. Nd6 f5 21. Nxc8 Rxc8 22. axb4 Bxb4 23. Rd1 Na3 24. Qb3 Bc4 25. Qa4 Nc3 26. Qxd7 Rd8 0-1


[Site "https://www.chess.com"]

[Event "Titled Tuesday Blitz November 29 Early 2022"]
[White "Wagner, Dennis"]
[Black "Mohamed Anees M"]
[WhiteFideId "24650684"]
[BlackFideId "35065815"]
[WhiteElo "2470"]
[BlackElo "2135"]
[Result "1-0"]
[Round "11"]
[TimeControl "180+1"]
[Date "2022.11.29"]
[WhiteClock "0:00:09"]
[BlackClock "0:00:07"]

1. d4 d5 2. Nf3 Nf6 3. c4 c6 4. g3 Bf5 5. Nc3 e6 6. Nh4 dxc4 7. Nxf5 exf5 8. e3 Nbd7 9. Bxc4 Nb6 10. Bb3 Qd7 11. Qc2 h5 12. Bd2 h4 13. O-O-O Bd6 14. Kb1 O-O-O 15. d5 Kb8 16. dxc6 Qxc6 17. Qxf5 hxg3 18. fxg3 Bxg3 19. e4 Bc7 20. Bxf7 Nc4 21. Bf4 Na3+ 22. Kc1 Rhf8 23. Bb3 Nd5 24. Rxd5 Bxf4+ 25. Qxf4+ Rxf4 26. Rxd8+ Kc7 27. Rg8 Rg4 28. Kd1 Nb5 29. Nd5+ Kd7 30. Rf1 Rxe4 31. Rxg7+ Ke8 32. Nf6+ Kd8 33. Nxe4 Qxe4 34. Rf8+ 1-0


[Site "https://www.chess.com"]

[Event "Titled Tuesday Blitz November 29 Early 2022"]
[White "Winkels, Marcel"]
[Black "Richter, Nils"]
[WhiteFideId "1003887"]
[BlackFideId "12990809"]
[WhiteElo "1900"]
[BlackElo "2381"]
[Result "0-1"]
[Round "11"]
[TimeControl "180+1"]
[Date "2022.11.30"]
[WhiteClock "0:00:48"]
[BlackClock "0:01:44"]

1. d4 d5 2. Nc3 Bf5 3. Bf4 c6 4. e3 e6 5. f3 h5 6. Bd3 Bxd3 7. Qxd3 Nd7 8. Nge2 h4 9. O-O Ngf6 10. e4 Be7 11. e5 Nh5 12. Bd2 c5 13. f4 g6 14. Be3 Ng7 15. Kh1 Nf5 16. Bg1 a6 17. a3 cxd4 18. Nxd4 Ng3+ 19. hxg3 hxg3+ 20. Bh2 Rxh2+ 21. Kg1 Bc5 22. Ne2 Qh4 23. Qxg3 Rh1+ 24. Kf2 Rxf1+ 25. Rxf1 Qxg3+ 26. Kxg3 Ke7 27. Rh1 g5 28. c3 gxf4+ 29. Kxf4 Rg8 30. g4 Nxe5 31. Kxe5 Bd6# 0-1


[Site "https://www.chess.com"]

[Event "Titled Tuesday Blitz November 29 Early 2022"]
[White "Womacka, Mathias"]
[Black "Barria Zuniga, Daniel"]
[WhiteFideId "4611390"]
[BlackFideId "3400816"]
[WhiteElo "2378"]
[BlackElo "2414"]
[Result "1-0"]
[Round "11"]
[TimeControl "180+1"]
[Date "2022.11.30"]
[WhiteClock "0:00:21"]
[BlackClock "0:00:02"]

1. e4 c5 2. Nf3 Nc6 3. d4 cxd4 4. Nxd4 e6 5. Nc3 Qc7 6. Be2 a6 7. O-O b5 8. Nxc6 dxc6 9. f4 Bb7 10. Be3 Rd8 11. Qe1 Ne7 12. Qf2 Nc8 13. Qg3 c5 14. Bf3 Nd6 15. f5 b4 16. Na4 Qc8 17. Nxc5 Nc4 18. Nxb7 Nxe3 19. Nxd8 Nxf1 20. Rxf1 Qxd8 21. fxe6 Bc5+ 22. Kh1 O-O 23. exf7+ Rxf7 24. e5 Qd4 25. h3 g6 26. c3 bxc3 27. bxc3 Qc4 28. Rd1 Qxc3 29. Qg4 Qxe5 30. Bd5 Qxd5 31. Rxd5 Rf1+ 32. Kh2 Bg1+ 33. Kg3 Bf2+ 34. Kf3 1-0


[Site "https://www.chess.com"]

[Event "Titled Tuesday Blitz November 29 Early 2022"]
[White "Yano, William Jorge Froes"]
[Black "Gonzalez, Francisco Silva"]
[WhiteFideId "2112949"]
[BlackFideId "1512285"]
[WhiteElo "2122"]
[BlackElo "2159"]
[Result "1/2-1/2"]
[Round "11"]
[TimeControl "180+1"]
[Date "2022.11.30"]
[WhiteClock "0:00:07"]
[BlackClock "0:00:43"]

1. e4 e5 2. Nc3 Nf6 3. f4 d5 4. fxe5 Nxe4 5. Nf3 Bc5 6. Qe2 Bf2+ 7. Kd1 Nxc3+ 8. dxc3 Bb6 9. Bf4 h6 10. Kd2 Bf5 11. Rd1 c6 12. Kc1 Qe7 13. h3 Nd7 14. g4 Be4 15. Bg2 Nc5 16. Nd4 g6 17. Rhf1 Bxg2 18. Qxg2 Ne4 19. c4 O-O-O 20. cxd5 cxd5 21. Nb5 g5 22. Nd6+ Kb8 23. Bh2 Be3+ 24. Kb1 Nxd6 25. exd6 Qe4 26. Qxe4 dxe4 27. Rxf7 h5 28. Be5 Rh6 29. d7+ Ka8 30. Rf8 Bb6 31. Rxd8+ Bxd8 32. Rf1 Rh7 33. gxh5 e3 34. c3 Rxd7 35. h6 e2 36. Re1 Rd1+ 37. Kc2 Rxe1 38. h7 Rc1+ 39. Kb3 e1=Q 40. h8=Q Qd1+ 41. Ka3 b6 42. Bd4 Kb7 43. Qxd8 Qf3 44. Qd7+ Ka6 45. Qc8+ Ka5 46. b4+ Kb5 47. Qd7+ Ka6 48. Qc8+ Kb5 49. Qd7+ Ka6 50. Qc8+ Kb5 1/2-1/2


[Site "https://www.chess.com"]

[Event "Titled Tuesday Blitz November 29 Early 2022"]
[White "Yuan, Qingyu"]
[Black "Postnikov, Daniil"]
[WhiteFideId "8609772"]
[BlackFideId "4166329"]
[WhiteElo "2359"]
[BlackElo "2261"]
[Result "0-1"]
[Round "11"]
[TimeControl "180+1"]
[Date "2022.11.29"]
[WhiteClock "0:00:29"]
[BlackClock "0:00:37"]

1. e4 e6 2. d4 d5 3. Nc3 Nf6 4. e5 Nfd7 5. f4 c5 6. Nf3 Nc6 7. Be3 Rb8 8. Qd2 Qa5 9. Be2 b5 10. O-O b4 11. Nd1 Ba6 12. Nf2 Bxe2 13. Qxe2 cxd4 14. Nxd4 Nxd4 15. Bxd4 Bc5 16. Rfd1 Bxd4 17. Rxd4 O-O 18. Kh1 Qc5 19. Qd2 a5 20. a3 Rfc8 21. axb4 axb4 22. Rc1 Qa7 23. h3 Nc5 24. Rxb4 Rxb4 25. Qxb4 Qa2 26. Qc3 Qa6 27. Qd2 Qc4 28. b3 Nxb3 29. Qd1 Nxc1 30. Qxc1 Qxc2 31. Qe3 Qc1+ 32. Qxc1 Rxc1+ 33. Kh2 Kf8 34. Kg3 Ke7 35. Kf3 Rc2 36. Ng4 Rc3+ 37. Ke2 d4 38. Nf2 Re3+ 39. Kd2 Rg3 40. Ne4 Rxg2+ 41. Kd3 Rh2 42. Ng5 h6 43. Ne4 Rxh3+ 44. Kxd4 Rf3 0-1


[Site "https://www.chess.com"]

[Event "Titled Tuesday Blitz November 29 Early 2022"]
[White "Yurasova, Daria"]
[Black "Szpar, Milosz"]
[WhiteFideId "34146919"]
[BlackFideId "1184989"]
[WhiteElo "2097"]
[BlackElo "2422"]
[Result "1-0"]
[Round "11"]
[TimeControl "180+1"]
[Date "2022.11.30"]
[WhiteClock "0:00:39"]
[BlackClock "0:01:12"]

1. d4 Nf6 2. c4 c5 3. d5 e6 4. Nc3 exd5 5. cxd5 d6 6. e4 g6 7. Nf3 Bg7 8. Be2 O-O 9. O-O a6 10. a4 Bg4 11. h3 Bxf3 12. Bxf3 Nbd7 13. g3 b6 14. Bg2 Rb8 15. Bf4 Qc7 16. Re1 b5 17. axb5 axb5 18. Qc2 Rfe8 19. Ra6 Rb6 20. Rea1 Nh5 21. Ra7 Qd8 22. Be3 Ne5 23. Qe2 Nc4 24. Bc1 f5 25. Nxb5 Rxb5 26. Qxc4 Rb4 27. Qa6 Bd4 28. Qc6 Nxg3 29. Bg5 Qc8 30. Rc7 Qb8 31. Qd7 Qxc7 32. Qxc7 Rxb2 33. Ra7 Bxf2+ 34. Kh2 Nf1+ 35. Bxf1 Bd4+ 36. Kh1 1-0


[Site "https://www.chess.com"]

[Event "Titled Tuesday Blitz November 29 Early 2022"]
[White "Zaichenko, Daria"]
[Black "Kovacevic, Radmila"]
[WhiteFideId "4197453"]
[BlackFideId "933171"]
[WhiteElo "2039"]
[BlackElo "2208"]
[Result "0-1"]
[Round "11"]
[TimeControl "180+1"]
[Date "2022.11.30"]
[WhiteClock "0:00:11"]
[BlackClock "0:00:43"]

1. e4 e5 2. Nf3 f5 3. d3 Nc6 4. exf5 Nf6 5. d4 e4 6. Ne5 d6 7. Nxc6 bxc6 8. Be2 Bxf5 9. c4 Be7 10. O-O O-O 11. Nc3 Rb8 12. d5 c5 13. b3 Nd7 14. Bb2 Bf6 15. f4 exf3 16. Bxf3 Be5 17. Na4 Qh4 18. Bxe5 Nxe5 19. Qd2 Bd3 20. Rf2 Rf6 21. Re1 Rh6 22. g3 Qxh2+ 23. Rxh2 Nxf3+ 24. Kh1 Nxd2 25. Rxh6 gxh6 26. Nc3 Bg6 27. Kg2 Re8 28. Rf1 a6 29. Kh3 Ne4 30. Nxe4 Rxe4 31. Rf2 Kg7 32. g4 h5 33. gxh5 Bxh5 34. Kg3 Bg6 35. Kh3 h5 36. Kg3 Rd4 37. Kh3 h4 38. Re2 Re4 39. Rf2 Be8 40. Rf3 Bd7+ 41. Kh2 Re2+ 42. Kg1 h3 43. Rg3+ Kf6 44. Rg8 Rg2+ 45. Rxg2 hxg2 46. Kxg2 Bf5 47. Kf3 Bb1 48. a3 Ba2 49. b4 Bxc4 50. bxc5 Bxd5+ 51. Ke3 dxc5 52. Kd3 Ke5 53. Kc3 a5 54. a4 Ke4 0-1


[Site "https://www.chess.com"]

[Event "Titled Tuesday Blitz November 29 Early 2022"]
[White "Zemlyanskii, Ivan"]
[Black "Czopor, Maciej"]
[WhiteFideId "24249971"]
[BlackFideId "21805431"]
[WhiteElo "2107"]
[BlackElo "2324"]
[Result "1/2-1/2"]
[Round "11"]
[TimeControl "180+1"]
[Date "2022.11.30"]
[WhiteClock "0:00:07"]
[BlackClock "0:00:20"]

1. d4 Nf6 2. c4 g6 3. Nc3 Bg7 4. e4 O-O 5. Nf3 d6 6. Be2 e5 7. O-O Nc6 8. d5 Ne7 9. Ne1 Nd7 10. Nd3 f5 11. f3 f4 12. b4 g5 13. c5 Nf6 14. a4 Ng6 15. a5 h5 16. Nf2 Rf7 17. Kh1 Kh8 18. g3 fxg3 19. hxg3 Bh6 20. Kg2 Qf8 21. Rh1 Qg7 22. c6 bxc6 23. dxc6 Be6 24. b5 Raf8 25. Ra3 g4 26. Bxh6 Qxh6 27. Nd5 Nxd5 28. exd5 Bc8 29. b6 axb6 30. axb6 cxb6 31. Ne4 Bf5 32. Nxd6 Nf4+ 33. gxf4 Qxd6 34. Rxh5+ Rh7 35. Rxh7+ Bxh7 36. Ra7 gxf3+ 37. Bxf3 Rg8+ 38. Kf1 Qc5 39. Qd2 Rg1+ 40. Ke2 Qc4+ 41. Kf2 Qc5+ 42. Ke2 Qc4+ 43. Kf2 Qc5+ 44. Ke2 1/2-1/2


[Site "https://www.chess.com"]

[Event "Titled Tuesday Blitz November 29 Early 2022"]
[White "Zhigalko, Sergei"]
[Black "Trost, Edvin"]
[WhiteFideId "13502956"]
[BlackFideId "1729519"]
[WhiteElo "2662"]
[BlackElo "2247"]
[Result "1/2-1/2"]
[Round "11"]
[TimeControl "180+1"]
[Date "2022.11.29"]
[WhiteClock "0:00:05"]
[BlackClock "0:00:08"]

1. e4 g6 2. d4 Bg7 3. Nc3 d6 4. Nf3 Bg4 5. Be3 Nc6 6. Bb5 a6 7. Bxc6+ bxc6 8. h3 Bxf3 9. Qxf3 e6 10. O-O Ne7 11. Rad1 O-O 12. Rd3 Qd7 13. Rfd1 Rae8 14. Qe2 f5 15. Bg5 fxe4 16. Nxe4 Nd5 17. Rf3 Rf5 18. c4 Nb6 19. b3 Ref8 20. Rxf5 exf5 21. Nc3 h6 22. Bc1 Re8 23. Qf3 d5 24. c5 Nc8 25. h4 Na7 26. Qg3 Kh7 27. Bf4 Re7 28. a4 Nc8 29. b4 Na7 30. Kh2 Qd8 31. Rd3 Bf6 32. Be5 Bxe5 33. dxe5 Qe8 34. f4 Rg7 35. Ne2 Qb8 36. Rb3 Nc8 37. Nd4 Ne7 38. Qd3 Qc8 39. b5 axb5 40. axb5 cxb5 41. Qxb5 g5 42. hxg5 hxg5 43. Rh3+ Kg8 44. fxg5 Rxg5 45. c6 Qe8 46. Qb7 Qg6 47. Qb8+ Kf7 48. e6+ Kf6 49. Qh8+ Qg7 50. Rh6+ Ke5 51. Nf3+ Kd6 52. Nxg5 Qxg5 53. Rh4 f4 54. Qh6 Qg3+ 55. Kh1 Qe1+ 56. Kh2 Qg3+ 57. Kh1 Qe1+ 58. Kh2 Qg3+ 1/2-1/2


[Site "https://www.chess.com"]

[Event "Titled Tuesday Blitz November 29 Early 2022"]
[White "Zhu, Jiner"]
[Black "Aldokhin, Ivan"]
[WhiteFideId "8608059"]
[BlackFideId "24115720"]
[WhiteElo "2384"]
[BlackElo "2313"]
[Result "0-1"]
[Round "11"]
[TimeControl "180+1"]
[Date "2022.11.30"]
[WhiteClock "0:00:03"]
[BlackClock "0:00:03"]

1. e4 c5 2. Nf3 e6 3. d4 cxd4 4. Nxd4 a6 5. Nc3 Qc7 6. Bd3 Nf6 7. Qe2 Bd6 8. Ndb5 axb5 9. Nxb5 Qc5 10. Nxd6+ Qxd6 11. e5 Qe7 12. exf6 Qxf6 13. c4 Nc6 14. O-O O-O 15. a3 h6 16. Be3 d5 17. cxd5 exd5 18. Rad1 d4 19. Bc1 Be6 20. Qe4 Rfe8 21. Qh7+ Kf8 22. Rfe1 Ne5 23. Bb5 Bf5 24. Qh8+ Ke7 25. Bxe8 Rxe8 26. Qxe8+ Kxe8 27. Bf4 d3 28. Bxe5 Qa6 29. Bxg7+ Kd7 30. Bc3 Qc4 31. h3 h5 32. Re5 Bg6 33. Rd2 Kc6 34. Re3 Qf4 35. Rd1 Qc4 36. Bd2 Kd7 37. Bc3 Qb3 38. Rd2 Qc4 39. Re1 Qf4 40. Red1 Qc4 41. Rc1 Qf4 42. Ba5 Qg5 43. Bb4 Be4 44. f3 Bg6 45. Kh1 Qe3 46. Kh2 Qf4+ 47. Kh1 Qe3 48. Rcd1 Qf4 49. Re1 Qh4 50. Re7+ Kc6 51. Re3 Qf4 52. Re1 Qc4 53. Rdd1 Qf4 54. Bd2 Qd4 55. Bc3 Qd5 56. Rc1 Kd7 57. Bd2 Qd4 58. Bc3 Qd5 59. Rcd1 Bf5 60. Re5 Qb3 61. Rde1 Be6 62. R5e3 Qc2 63. Re4 Kc6 64. Rd4 Bf5 65. Re5 Bg6 66. Kh2 b6 67. Rc4+ Kb7 68. Re7+ Ka6 69. Rd4 Qc1 70. Red7 Qg5 71. R7d6 Qe5+ 72. Kh1 Qe3 73. Rd8 Qf2 74. Kh2 Qe3 75. Ra8+ Kb7 76. Rad8 Qe5+ 0-1